 Dungeon Crawl Stone Soup version 0.31-a0-728-g01b46875f1 (webtiles) character file.

Game seed: 9153790449968290318

1252 cforsyth the Trooper (level 8, -3/65 HPs)
             Began as a Djinni Chaos Knight on Sept 11, 2023.
             Was a Plaything of Xom.
             Slain by an ice beast (19 damage)
             ... on level 5 of the Dungeon.
             The game lasted 00:08:10 (5378 turns).

cforsyth the Trooper (Djinni Chaos Knight)          Turns: 5378, Time: 00:08:10

Health: -3/65      AC: 22    Str: 11    XL:     8   Next: 80%
Gold:   342        EV: 12    Int: 16    God:    Xom [...*..] SH:  0 Dex: 15

rFire   + + +        w - +7 staff of the Meek {protect, meekguard}
rCold   x . .        (shield currently unavailable)
rNeg    . . .        c - +2 leather armour {rF+}
rPois   ∞            (helmet restricted)
rElec   .            g - +0 cloak
rCorr   .            (no gloves)
SInv    +            (boots unavailable)
Will    +....        (no amulet)
Stlth   ++           (no ring)
HPRegen 0.30/turn    (no ring)
MPRegen 0.00/turn

%: infuse magic (-4 HP)
@: under a protective aura, flying
A: sickness immunity, fire resistance 2, cold vulnerability 1, float, innate
caster, HP casting, extra vitality 1, horns 1, iridescent scales 1, thin
skeletal structure 1, see invisible, strong-willed 1, mutation resistance 1
a: Renounce Religion


You were on level 5 of the Dungeon.
You worshipped Xom.
You were a favourite toy of Xom.
You visited 1 branch of the dungeon, and saw 7 of its levels.
You also visited: Sewer.

You collected 342 gold pieces.

Inventory:

Hand Weapons
 a - a +0 falchion of chaos
 w - the +7 staff of the Meek (weapon) {protect, meekguard}
   (You found it on level 3 of the Dungeon)
Missiles
 z - 2 throwing nets
Armour
 b - a +2 leather armour
 c - a +2 leather armour of fire resistance (worn)
 g - a +0 cloak (worn)
Jewellery
 x - a ring of fire
Wands
 A - a wand of iceblast (10)
Scrolls
 d - 5 scrolls of teleportation {unknown}
 j - 4 scrolls of amnesia {unknown}
 k - a scroll of brand weapon {unknown}
 m - 3 scrolls of blinking {unknown}
 t - a scroll of enchant weapon {unknown}
 u - a scroll of fear {unknown}
 y - a scroll of noise {unknown}
 B - a scroll of enchant armour {unknown}
 C - a scroll of identify
 D - a scroll of immolation {unknown}
Potions
 e - 2 potions of haste
 f - a potion of ambrosia {unknown}
 h - a potion of attraction {unknown}
 i - a potion of mutation {unknown}
 l - 3 potions of might
 n - 2 potions of enlightenment
 o - 2 potions of magic {unknown}
 p - a potion of invisibility {unknown}
 q - a potion of heal wounds {unknown}
 r - a potion of resistance {unknown}
 s - a potion of experience {unknown}
 v - 2 potions of curing {unknown}


   Skills:
 + Level 7.7 Fighting
 - Level 2.6 Long Blades
 - Level 1.0 Armour
 - Level 2.1 Dodging
 + Level 5.0 Spellcasting
 + Level 5.0 Conjurations
 + Level 5.0 Hexes
   Level 0.0 Charms
 + Level 5.0 Summonings
 + Level 5.0 Necromancy
 + Level 5.0 Translocations
 + Level 5.0 Transmutations
 + Level 5.0 Fire Magic
 + Level 5.0 Ice Magic
 + Level 5.0 Air Magic
 + Level 5.0 Earth Magic
 + Level 5.0 Poison Magic


You knew the following spells:

 Your Spells              Type           Power      Damage    Failure   Level
a - Shock                 Conj/Air       80%        1d8       2%          1
b - Jinxbite              Hex            40%        N/A       3%          2
c - Wereblood             Tmut           20%        N/A       3%          2
Your spell library was empty.

Dungeon Overview and Level Annotations

Branches:
Dungeon (7/15)              Sewer (visited)
 Temple: D:4-7

Altars:
Xom
Zin
The Shining One


Innate Abilities, Weirdness & Mutations

You are immune to sickness and miasma.
You are immune to poison.
Your flesh is very heat resistant. (rF++)
You are vulnerable to cold. (rC-)
You float through the air rather than walking.
You learn spells naturally, not from books.
Your magical power is your life essence.
You have superior vitality. (+4 MHP)
You have a pair of small horns on your head.
You are partially covered in iridescent scales. (AC +2)
You have a somewhat thin skeletal structure. (Dex +2, Stealth+)
You have supernaturally acute eyesight. (SInv)
You are strong-willed. (Will+)
You are somewhat resistant to further mutation.


Message History

An ice beast is nearby!
An ice beast is nearby!
An ice beast is nearby!
The zap hits the ice beast but does no damage.
You sock the ice beast!
Your weapon exudes an aura of protection.
You headbutt the ice beast.
The ice beast is heavily wounded.
The ice beast hits you. The ice beast freezes you!
You feel a terrible chill!
You barely miss the ice beast. Your headbutt misses the ice beast.
The ice beast is heavily wounded.
The ice beast hits you but does no damage.
You hit the ice beast.
You headbutt the ice beast, but do no damage.
The ice beast is heavily wounded.
The ice beast hits you. The ice beast freezes you!!
You feel a terrible chill!
The ice beast hits you but does no damage.
You are too injured to fight recklessly!
You are too injured to fight recklessly!
You are too injured to fight recklessly!
You are too injured to fight recklessly!
You are too injured to fight recklessly!
You are too injured to fight recklessly!
You are too injured to fight recklessly!
You are too injured to fight recklessly!
You are too injured to fight recklessly!
You closely miss the ice beast. You headbutt the ice beast.
The ice beast is severely wounded.
The ice beast closely misses you.
You sock the ice beast!
The ice beast is almost dead.
The ice beast hits you. The ice beast freezes you!
You feel a terrible chill!
Xom roars with laughter!
* * * LOW HITPOINT WARNING * * *
You hit the ice beast.
The ice beast is almost dead.
The ice beast hits you.
* * * LOW HITPOINT WARNING * * *
The ice beast freezes you!!
You feel a terrible chill!
You die...

# ########
#..##....##
+##
#.....P....
+..........
##...._...#
##......###
#.....P...
#..........
##..####..#
#@.# ..#
#.Y..#
#....#
#....#
#..?.#
#....#
#.#### #+


You could see an ice beast.

Vanquished Creatures
  Sigmund (D:2)
  Duvessa (D:4)
  A sky beast (D:7)
  An ice beast (D:7)
  4 kobold brigands
  2 scorpions
  Dowan (D:4)
  A hound (D:7)
  An orc priest (D:3)
  Natasha (thrice) (D:4)
  An iguana (D:4)
  An orc wizard (D:7)
  4 adders
  A river rat (Sewer)
  A white imp (D:4)
  3 worms (Sewer)
  A dart slug (D:1)
  16 orcs
  6 bats
  11 endoplasms
  6 giant cockroaches
  7 goblins
  9 hobgoblins
  A jackal (D:2)
  12 kobolds
  A quokka (D:4)
  8 ball pythons
  4 frilled lizards
  2 goblin skeletons (D:4)
  2 goblin zombies (D:4)
  4 hobgoblin zombies (D:4)
  A kobold skeleton (D:4)
  A kobold zombie (D:4)
  2 orc skeletons (D:4)
  An orc zombie (D:4)
  11 rats
133 creatures vanquished.

Vanquished Creatures (collateral kills)
  2 rats (D:1)
2 creatures vanquished.

Vanquished Creatures (others)
  A human (D:3)
1 creature vanquished.

Grand Total: 136 creatures vanquished

Notes
Turn   | Place    | Note
-------+----------+-------------------------------------------
     0 | D:1      | cforsyth the Djinni Chaos Knight began the quest for the
                  | Orb.
     0 | D:1      | Reached XP level 1. HP: 20/20 MP: 0/0
   162 | D:1      | Reached XP level 2. HP: 25/25 MP: 0/0
   190 | D:1      | XOM: noise
   269 | D:1      | XOM: smoke on damage
   356 | D:1      | Reached skill level 1 in Spellcasting
   356 | D:1      | Reached skill level 1 in Conjurations
   356 | D:1      | Reached skill level 1 in Hexes
   356 | D:1      | Reached skill level 1 in Summonings
   356 | D:1      | Reached skill level 1 in Necromancy
   356 | D:1      | Reached skill level 1 in Translocations
   356 | D:1      | Reached skill level 1 in Transmutations
   356 | D:1      | Reached skill level 1 in Fire Magic
   356 | D:1      | Reached skill level 1 in Ice Magic
   356 | D:1      | Reached skill level 1 in Air Magic
   356 | D:1      | Reached skill level 1 in Earth Magic
   356 | D:1      | Reached skill level 1 in Poison Magic
   477 | D:1      | Reached XP level 3. HP: 30/30 MP: 0/0
   477 | D:1      | Learned a level 1 spell: Shock
   571 | D:1      | Found a faded altar of an unknown god.
   590 | D:1      | XOM: god gift: encrusted fluorescent wand {god gift}
   617 | D:1      | XOM: noise
   960 | D:1      | XOM: 2-stop teleportation journey
  1272 | D:2      | XOM: polymorph orc -> jackal
  1401 | D:2      | Noticed Sigmund
  1401 | D:2      | XOM: give mutations
  1401 | D:2      | Gained mutation: You have hidden genetic potential. [Xom's
                  | grace]
  1401 | D:2      | Gained mutation: You are agile. (Dex +4, Str/Int -1) [Xom's
                  | grace]
  1401 | D:2      | Lost mutation: You have hidden genetic potential. [Xom's
                  | grace]
  1401 | D:2      | Gained mutation: You are somewhat resistant to further
                  | mutation. [Xom's grace]
  1401 | D:2      | Gained mutation: You have a somewhat thin skeletal
                  | structure. (Dex +2, Stealth+) [Xom's grace]
  1426 | D:3      | Reached XP level 4. HP: 36/37 MP: 0/0
  1455 | D:3      | Found a glowing drain.
  1489 | Sewer    | XOM: noise
  1489 | Sewer    | Entered a sewer
  1501 | Sewer    | Reached skill level 4 in Fighting
  1576 | Sewer    | Noticed a kobold brigand
  1579 | Sewer    | XOM: potion effect (curing)
  1591 | Sewer    | XOM: smoke on damage
  1597 | Sewer    | Killed a kobold brigand
  1598 | Sewer    | Reached XP level 5. HP: 22/42 MP: 0/0
  1598 | Sewer    | Learned a level 2 spell: Jinxbite
  1708 | Sewer    | Noticed a kobold brigand
  1708 | Sewer    | Noticed a kobold brigand
  1718 | Sewer    | XOM: enchant monster (good)
  1723 | Sewer    | Killed a kobold brigand
  1724 | Sewer    | Reached skill level 5 in Fighting
  1724 | Sewer    | Reached XP level 6. HP: 36/49 MP: 0/0
  1835 | Sewer    | XOM: give mutations
  1835 | Sewer    | Lost mutation: You are agile. (Dex +4, Str/Int -1) [Xom's
                  | mischief]
  1835 | Sewer    | Gained mutation: You are partially covered in iridescent
                  | scales. (AC +2) [Xom's mischief]
  1976 | D:2      | Killed Sigmund
  1977 | D:2      | Reached XP level 7. HP: 49/55 MP: 0/0
  1977 | D:2      | Learned a level 2 spell: Wereblood
  2601 | D:3      | Reached skill level 6 in Fighting
  2652 | D:3      | Found the +7 staff of the Meek {protect, meekguard}
  2908 | D:3      | XOM: summons 4 hostile demons
  2946 | D:3      | Noticed a human
  2948 | D:3      | Killed a human
  3038 | D:4      | Noticed Dowan
  3044 | D:4      | Killed Dowan
  3047 | D:4      | Noticed Duvessa
  3068 | D:4      | Killed Duvessa
  3199 | D:4      | XOM: noise
  3343 | D:4      | Reached XP level 8. HP: 56/62 MP: 0/0
  3362 | D:4      | Noticed Natasha
  3368 | D:4      | Killed Natasha
  3432 | D:4      | XOM: cloud trail
  3438 | D:4      | XOM: scenery: summon butterflies
  3657 | D:5      | Entered Level 5 of the Dungeon
  3724 | D:4      | Found a glowing golden altar of the Shining One.
  3724 | D:4      | XOM: 4-stop teleportation journey
  3725 | D:4      | You are sucked into a shaft and drop 3 floors!
  3752 | D:7      | Reached skill level 7 in Fighting
  3902 | D:5      | Found a glowing silver altar of Zin.
  3973 | D:4      | Reached skill level 5 in Spellcasting
  3973 | D:4      | Reached skill level 5 in Conjurations
  3973 | D:4      | Reached skill level 5 in Hexes
  3973 | D:4      | Reached skill level 5 in Summonings
  3973 | D:4      | Reached skill level 5 in Necromancy
  3973 | D:4      | Reached skill level 5 in Translocations
  3973 | D:4      | Reached skill level 5 in Transmutations
  3973 | D:4      | Reached skill level 5 in Fire Magic
  3973 | D:4      | Reached skill level 5 in Ice Magic
  3973 | D:4      | Reached skill level 5 in Air Magic
  3973 | D:4      | Reached skill level 5 in Earth Magic
  3973 | D:4      | Reached skill level 5 in Poison Magic
  3976 | D:4      | Noticed Natasha
  3983 | D:4      | Killed Natasha
  4252 | D:4      | XOM: 2-stop teleportation journey
  4325 | D:4      | Found a large runed translucent door.
  4325 | D:4      | Found a large runed translucent door.
  4325 | D:4      | Found a shimmering altar of Xom.
  4482 | D:4      | XOM: god gift: silvery potion {god gift}
  4611 | D:4      | Found a glowing golden altar of the Shining One.
  4662 | D:4      | XOM: cloud trail
  4871 | D:4      | Noticed Natasha
  4873 | D:4      | Killed Natasha
  5016 | D:4      | XOM: scenery: summon butterflies
  5033 | D:4      | XOM: give mutations
  5033 | D:4      | Gained mutation: You are strong-willed. (Will+) [Xom's
                  | grace]
  5033 | D:4      | Gained mutation: You have supernaturally acute eyesight.
                  | (SInv) [Xom's grace]
  5033 | D:4      | Gained mutation: You have a pair of small horns on your
                  | head. [Xom's grace]
  5265 | D:4      | XOM: cloud trail
  5378 | D:5      | Slain by an ice beast

Illustrated notes

Levels and vault maps discovered:
D:1:      elethiomel_arrival_maze, layout_basic, nicolae_ecumenical_lake_church,
          roderic_lattice_a, chequers_serial_rivers_large_b
D:2:      layout_basic, minmay_misc_feat_enclosed, corexii_shack, uniq_sigmund
D:3:      layout_rooms, tgw_kikubaaqudgha, portal_sewer_entry_c,
          minmay_misc_feat_tiny, pf_guarded_unrand_meek
D:4:      due_chaos_kobolds, layout_loops_cross, nicolae_tso_besieged_by_evil,
          lexackson_kobold_supper, uniq_duvessa, uniq_natasha
D:5:      layout_gridville, nicolae_overflow_crystal_walls,
          mainiacjoe_overflow_tiny_flanked, hangedman_decor_slide_cut,
          uniq_pikel
D:6:      layout_loops_ring, minmay_temple_entry_glassed_door,
          guppyfry_shop_venom, uniq_maggie
D:7:      layout_cave_pools, yredelemnul_forgotten_temple_becter,
          mainiacjoe_overflow_small_starburst, ebering_ghost_inner_flame,
          minmay_misc_feat_cross, uniq_prince_ribbit1

Skill      XL: |  1  2  3  4  5  6  7  8 |
---------------+-------------------------+-----
Spellcasting   | 1 2 3 4 5 |  5.0
Conjurations   | 1 2 3 4 5 |  5.0
Hexes          | 1 2 3 4 5 |  5.0
Summonings     | 1 2 3 4 5 |  5.0
Necromancy     | 1 2 3 4 5 |  5.0
Translocations | 1 2 3 4 5 |  5.0
Transmutations | 1 2 3 4 5 |  5.0
Fire Magic     | 1 2 3 4 5 |  5.0
Ice Magic      | 1 2 3 4 5 |  5.0
Air Magic      | 1 2 3 4 5 |  5.0
Earth Magic    | 1 2 3 4 5 |  5.0
Poison Magic   | 1 2 3 4 5 |  5.0
Fighting       | 4 5 6 7 |  7.7
Long Blades    | |  2.6
Armour         | |  1.0
Dodging        | |  2.1

Action                     |  1- 3 |  4- 6 |  7- 9 || total
---------------------------+-------+-------+-------++-------
  Melee: Falchion          |    92 |    52 |    41 ||   185
         Punch             |     1 |     1 |       ||     2
         Quarterstaff      |       |       |   118 ||   118
         Headbutt          |       |       |     7 ||     7
   Cast: Shock             |     8 |    46 |    84 ||   138
         Jinxbite          |       |       |     1 ||     1
  Evoke: Wand              |       |     1 |     3 ||     4
    Use: Scroll            |     3 |       |     3 ||     6
         Potion            |       |       |     1 ||     1
   Stab: Sleeping          |       |       |     2 ||     2
         Distracted        |       |       |     1 ||     1
 Armour: Leather armour    |    61 |    27 |   133 ||   221
  Dodge: Dodged            |    63 |    43 |   116 ||   222

Table legend: (Time is in decaauts)
 A = Elapsed time spent in this place.
 B = Non-inter-level travel time spent in this place.
 C = Inter-level travel time spent in this place.
 D = Time resting spent in this place.
 E = Time spent auto-exploring this place.
 F = Levels seen in this place.
 G = Mean time per level.
                   A        B        C        D        E       F      G
               +--------+--------+--------+--------+--------+-----+--------+
         Total |   5446 |   5245 |    201 |    139 |   4040 |   8 |  680.8 |
       Dungeon |   4997 |   4796 |    201 |     76 |   3819 |   7 |  713.9 |
         Sewer |    448 |    448 |      0 |     63 |    221 |   1 |  448.0 |
               +--------+--------+--------+--------+--------+-----+--------+

Top non-repeatable levels by time:
     D:4: 2206 daAuts
     D:1: 1138 daAuts
     D:2: 757 daAuts
     D:3: 664 daAuts
   Sewer: 448 daAuts
     D:7: 159 daAuts
     D:5: 61 daAuts
     D:6: 10 daAuts
